AoeStats
← 肥肠拌面

African Clearing

510330636Analyzed
4v4 RM · 1d ago on Sep 30, 2026· 34m 51s· 8 players
Game mode
Random Map
Map size
Large (8 player)
Population
200
Speed
Normal
Resources
Standard
Victory
Conquest
Starting age
Dark Age
Ending age
Imperial Age
RankedLock teamsTeams togetherTeam positionsShared explorationLock speedFull tech treeHidden civsTurbo modeCheats
Victory
Defeat
🇩🇪 Sicilians · Germany
1438
+7
🇨🇴 Lithuanians · Colombia
1327
+11
🇹🇷 Poles · Türkiye
1310
+13
🇵🇱 Bulgarians · Poland
1221
+16
🇨🇳 Vietnamese · China
1407
-18
🇨🇳 Cumans · China
1365
-16
🇨🇳 Britons · China
1115
-13
🇨🇳 Huns · China
991
-5
Frosty
6:17 Loom
14:21 Feudal Age
16:18 Double-Bit Axe
17:09 Horse Collar
19:01 Bloodlines
19:04 Forging
22:58 Castle Age
21:46 Scale Barding Armor
23:19 Light Cavalry
24:21 Husbandry
26:59 Heavy Plow
27:13 Bow Saw
31:38 Szlachta Privileges
33:41 Gold Mining
35:27 Iron Casting
35:14 Chain Barding Armor
Bobo
10:16 Loom
12:31 Feudal Age
10:48 Loom
17:00 Castle Age
14:57 Double-Bit Axe
15:08 Horse Collar
16:07 Scale Barding Armor
16:03 Gold Mining
16:54 Bloodlines
18:46 Bow Saw
19:00 Heavy Plow
24:11 Wheelbarrow
24:36 Bloodlines
24:27 Husbandry
25:07 Scale Barding Armor
30:10 Chain Barding Armor
31:42 Forging
32:40 Gold Shaft Mining
33:10 Iron Casting
32:54 Hand Cart
32:55 Town Watch
37:35 Imperial Age
zularombr
5:49 Loom
12:56 Feudal Age
14:48 Man-at-Arms
20:15 Double-Bit Axe
20:37 Fletching
21:24 Padded Archer Armor
23:36 Stone Mining
24:37 Forging
25:59 Horse Collar
30:34 Castle Age
29:26 Scale Mail Armor
32:01 Squires
32:30 Pikeman
33:55 Wheelbarrow
33:37 Bow Saw
NPC
4:59 Loom
11:51 Feudal Age
12:33 Double-Bit Axe
14:22 Horse Collar
19:42 Fletching
21:49 Bloodlines
21:48 Scale Barding Armor
24:21 Forging
27:42 Castle Age
时尚
13:56 Feudal Age
12:24 Loom
14:17 Feudal Age
18:10 Castle Age
15:57 Double-Bit Axe
19:45 Fletching
23:38 Bodkin Arrow
26:13 Padded Archer Armor
28:08 Capped Ram
AJJ
11:35 Loom
18:25 Feudal Age
25:19 Castle Age
27:41 Padded Archer Armor
27:31 Fletching
33:25 Leather Archer Armor
33:05 Bodkin Arrow
肥肠拌面
3:58 Loom
14:28 Feudal Age
16:54 Double-Bit Axe
20:04 Castle Age
19:13 Fishing Lines
21:09 Husbandry
21:20 Bloodlines
23:52 Scale Barding Armor
31:12 Gillnets
6988
7:34 Loom
12:20 Feudal Age
13:02 Double-Bit Axe
15:20 Fletching
23:41 Horse Collar
24:50 Padded Archer Armor
30:58 Castle Age
Connection lost

Rejoining the realm…

Still unreachable

The connection could not be restored.

Session expired

The server has moved on; the page needs a fresh start.